 Dungeon Crawl Stone Soup version 0.26-a0-27-g1f0226971c (webtiles) character file.

Game seed: 836049759557094001, levelgen mode: deterministic

3455 Dirian the Cleaver (level 9, 0/75 HPs)
             Began as a Minotaur Fighter on May 27, 2020.
             Was an Initiate of Makhleb.
             Slain by a killer bee (2 damage)
             ... on level 6 of the Dungeon.
             The game lasted 00:12:24 (6613 turns).

Dirian the Cleaver (Minotaur Fighter)               Turns: 6613, Time: 00:12:24

Health: 0/75       AC: 11    Str: 30    XL:     9   Next: 78%
Magic:  8/8        EV:  9    Int:  5    God:    Makhleb [......]
Gold:   308        SH: 11    Dex: 10    Spells: 8/8 levels left

rFire    . . .     SeeInvis .   D - +1 war axe (freeze)
rCold    . . .     Gourm    .   c - +0 kite shield
rNeg     . . .     Faith    .   y - +2 acid dragon scales
rPois    .         Spirit   .   (helmet restricted)
rElec    .         Reflect  .   (no cloak)
rCorr    +         Harm     .   m - +0 pair of gloves
MR       .....                  (no boots)
Stlth    +.........             (no amulet)
HPRegen  0.22/turn              t - +6 ring of strength
MPRegen  0.11/turn              e - ring of resist corrosion

@: mighty, lethally poisoned (0 -> -17)
A: retaliatory headbutt, horns 2
a: Renounce Religion


You were on level 6 of the Dungeon.
You worshipped Makhleb.
Makhleb was noncommittal.
You were not hungry.

You visited 2 branches of the dungeon, and saw 8 of its levels.
You also visited: Sewer.

You collected 308 gold pieces.

Inventory:

Hand Weapons
 a - a +0 war axe
 r - a +0 war axe
 D - a +1 war axe of freezing (weapon)
Armour
 c - a +0 kite shield (worn)
 m - a +0 pair of gloves (worn)
 x - a +0 chain mail
 y - +2 acid dragon scales (worn)
Jewellery
 e - a ring of resist corrosion (right hand)
 t - a +6 ring of strength (left hand)
 u - an uncursed amulet of reflection {unknown}
 w - a +6 ring of dexterity
Wands
 g - a wand of iceblast (11)
 s - a wand of paralysis (6)
 v - a wand of random effects (22)
 C - a wand of digging (5)
Scrolls
 l - 2 scrolls of enchant armour {unknown}
 n - 2 scrolls of remove curse
 p - 5 scrolls of teleportation
 q - 3 scrolls of identify
 E - a scroll of amnesia {unknown}
Potions
 b - a potion of mutation {unknown}
 d - a potion of might
 h - a potion of brilliance
 i - a potion of berserk rage
 j - 2 potions of curing {unknown}
 k - a potion of stabbing
 o - 6 potions of flight
 z - a potion of heal wounds {unknown}
 B - a potion of haste {unknown}
Comestibles
 f - 8 rations
 A - 8 chunks of flesh


   Skills:
 + Level 6.0 Fighting
 * Level 12.9 Axes
 + Level 7.9 Armour
 + Level 6.9 Shields


You had 8 spell levels left.
You didn't know any spells.
Your spell library contained the following spells:

 Spells                   Type           Power        Failure   Level  Hunger
 Beastly Appendage        Tmut           #.....       87%         1    ##.....
 Magic Dart               Conj           #...         87%         1    ##.....
 Sting                    Tmut/Pois      #...         87%         1    ##.....
 Poisonous Vapours        Pois/Air       #.....       95%         2    ###....
 Searing Ray              Conj           #.....       95%         2    ###....
 Sticks to Snakes         Tmut           #.......     95%         2    ###....
 Dazzling Flash           Conj/Hex       #.....       99%         3    ####...
 Ignite Poison            Fire/Tmut/Pois #.......     99%         3    ####...
 Mephitic Cloud           Conj/Pois/Air  #.......     99%         3    ####...
 Spider Form              Tmut/Pois      #.........   99%         3    ####...
 Fulminant Prism          Conj/Hex       #.........   100%        4    #####..
 Ice Form                 Ice/Tmut       #.......     100%        4    #####..
 Iskenderun's Mystic Bla  Conj/Tloc      #.......     100%        4    #####..
 Olgreb's Toxic Radiance  Pois           #.......     100%        4    #####..
 Blade Hands              Tmut           #.........   100%        5    ######.


Dungeon Overview and Level Annotations

Branches:
Dungeon (7/15)             Temple (1/1) D:6           Sewer (visited)

Altars:
Ashenzari
Cheibriados
Dithmenos
Fedhas
Gozag
Hepliaklqana
Kikubaaqudgha
Makhleb
Nemelex Xobeh
Qazlal
Ru
Sif Muna
Uskayaw
Vehumet
Wu Jian
Xom
Yredelemnul
Lugonu

Shops:
D:5 *


Innate Abilities, Weirdness & Mutations

You reflexively headbutt those who attack you in melee.
You have a pair of horns on your head.


Message History

You feel sick. The killer bee stings you.
* * * LOW HITPOINT WARNING * * *
The killer bee stings you.
* * * LOW HITPOINT WARNING * * *
You are more poisoned.
The killer bee poisons you!
The killer bee stings you but does no damage.
The killer bee barely misses you. You block the killer bee's attack.
The killer bee stings you.
* * * LOW HITPOINT WARNING * * *
You slash the killer bee! You freeze the killer bee.
You kill the killer bee!
Makhleb accepts your kill.
You hit the killer bee. You freeze the killer bee.
You completely miss the killer bee.
* * * LOW HITPOINT WARNING * * *
You feel sick.
The killer bee stings you but does no damage.
The killer bee stings you.
You die...

.....##.....#####.............##
..#.........##.#...#......##...#
.................#.##..#......##
................##............#
............>..###.......#.#.##
................#####....#...#
...##.#....#.....##...#....###
..#####.......#yFy...###.....#
.(# #..........@.<.##.....###
..# #...........##.#.....## [##
##........#.##..#....# ##
#....#..##..#..#....# .#
###.....##.....##..## ##
##..####.....##### # ####
#....## ###.## ###


You could see a bullfrog and 2 killer bees.

Vanquished Creatures
  Pikel (D:6)
  Maggie (D:6)
  A water moccasin (D:6)
  2 orc warriors
  2 slaves (D:6)
  A sky beast (D:7)
  3 phantoms
  4 ogres
  6 bullfrogs
  A scorpion (D:6)
  4 killer bees
  4 howler monkeys
  A centaur zombie (D:5)
  2 crimson imps
  7 orc wizards
  A centaur skeleton (D:5)
  4 orc priests
  A bullfrog skeleton (D:6)
  3 worker ants
  A merfolk siren (Sewer)
  A merfolk avatar (Sewer)
  A howler monkey skeleton (D:4)
  24 adders
  2 river rats (Sewer)
  A shadow imp (D:5)
  3 worms
  3 dart slugs
  4 leopard geckos
  24 orcs
  8 bats
  10 giant cockroaches
  12 goblins
  4 hobgoblins
  15 jackals
  5 quokkas
  7 ball pythons
  6 frilled lizards
  12 kobolds
  25 rats
217 creatures vanquished.

Notes
Turn   | Place    | Note
-------+----------+-------------------------------------------
     0 | D:1      | Dirian the Minotaur Fighter began the quest for the Orb.
     0 | D:1      | Reached XP level 1. HP: 19/19 MP: 0/0
    97 | D:1      | Reached XP level 2. HP: 27/27 MP: 1/1
   673 | D:1      | Reached skill level 3 in Axes
   876 | D:2      | Reached XP level 3. HP: 33/33 MP: 2/2
  1021 | D:2      | Found a basalt altar of Yredelemnul.
  1213 | D:2      | Reached XP level 4. HP: 40/40 MP: 3/3
  1250 | D:2      | Reached skill level 4 in Axes
  1699 | D:3      | Found a glowing drain.
  1715 | Sewer    | Entered a sewer
  1904 | Sewer    | Reached XP level 5. HP: 43/46 MP: 4/4
  1917 | Sewer    | Reached skill level 5 in Axes
  2473 | D:3      | Found a stormy altar of Qazlal.
  2475 | D:3      | Found a hide-covered altar of Uskayaw.
  2482 | D:3      | Found a shattered altar of Ashenzari.
  2486 | D:3      | Found a sparkling altar of Nemelex Xobeh.
  2487 | D:3      | Found a shimmering blue altar of Sif Muna.
  2510 | D:3      | Reached skill level 6 in Axes
  2510 | D:3      | Reached XP level 6. HP: 51/52 MP: 5/5
  3630 | D:5      | Entered Level 5 of the Dungeon
  3669 | D:5      | Reached skill level 7 in Axes
  3678 | D:5      | Reached skill level 5 in Armour
  3733 | D:5      | Reached XP level 7. HP: 50/60 MP: 6/6
  3864 | D:5      | Reached skill level 5 in Shields
  4341 | D:5      | Reached skill level 8 in Axes
  4429 | D:5      | Found Gozag's Platinum Reserve.
  4453 | D:5      | Found an opulent altar of Gozag.
  4697 | D:6      | Reached skill level 9 in Axes
  4697 | D:6      | Reached XP level 8. HP: 28/67 MP: 7/7
  4905 | D:6      | Reached skill level 5 in Fighting
  5306 | D:6      | Reached skill level 10 in Axes
  5340 | D:6      | Noticed Maggie
  5354 | D:6      | Killed Maggie
  5363 | D:6      | Reached skill level 11 in Axes
  5690 | D:6      | Reached XP level 9. HP: 58/74 MP: 8/8
  5806 | D:6      | Found a radiant altar of Vehumet.
  5878 | D:6      | Found a snail-covered altar of Cheibriados.
  5955 | D:6      | Found a staircase to the Ecumenical Temple.
  5993 | D:6      | Noticed Pikel
  6014 | D:6      | Killed Pikel
  6014 | D:6      | Reached skill level 12 in Axes
  6381 | Temple   | Entered the Ecumenical Temple
  6421 | Temple   | Became a worshipper of Makhleb the Destroyer
  6613 | D:6      | HP: 2/75 [poisoned by a killer bee]
  6613 | D:6      | Slain by a killer bee

Illustrated notes

Levels and vault maps discovered:
D:1:      minmay_arrival_five_plusses, layout_loops_corners,
          roderic_roman_lattice, st_stairs_8, minmay_strange_pillars,
          minmay_pentomino_x4
D:2:      layout_basic, nicolae_overflow_hidden_temple
D:3:      layout_loops_ring, grunt_temple_overflow_open,
          cheibrodos_sewer_entry_bend, minmay_misc_feat_square,
          kennysheep_crisscross
D:4:      layout_loops_ring
D:5:      kennysheep_six_static_rooms, layout_basic,
          nicolae_gozag_zags_fifth_avenue, first_ration,
          chequers_serial_rivers_micro_b, guppyfry_early_lair_pool
D:6:      layout_cave_pools, slow_altar_1, marbit_many_paths,
          minmay_temple_entry_poolview, uniq_maggie, uniq_pikel
D:7:      layout_cave_pools, grunt_livestock, xom_teletrap_fun
Temple:   corrupted_temple

Skill      XL: |  1  2  3  4  5  6  7  8  9 |
---------------+----------------------------+-----
Armour         | 4 5 6 7 |  7.9
Fighting       | 4 5 6 |  6.0
Axes           | 3 4 6 7 9 11 12 | 12.9
Shields        | 4 5 6 |  6.9

Action                   |  1- 3 |  4- 6 |  7- 9 || total
-------------------------+-------+-------+-------++-------
Melee: War axe           |    80 |   244 |   227 ||   551
       Headbutt          |     6 |    21 |    63 ||    90
  Use: Scroll            |       |     6 |       ||     6
       Potion            |       |     1 |     2 ||     3
  Eat: Chunk             |     1 |     9 |     6 ||    16
       Ration            |       |       |     1 ||     1
Armor: Scale mail        |    36 |    64 |       ||   100
       Chain mail        |       |    18 |    66 ||    84
       Acid dragon scale |       |       |    23 ||    23
Dodge: Dodged            |    23 |    67 |    62 ||   152
Block: Kite shield       |    34 |   130 |   119 ||   283

Table legend:
 A = Non-vault XP
 B = Vault XP
 C = Vault XP percentage of total XP
 D = Non-vault monster count
 E = Vault monster count
 F = Vault count percentage of total count
                 A         B        C        D         E       F
            +---------+---------+-------+---------+---------+-------
      Total |    3554 |    1383 |  28.0 |     159 |      56 |  26.0
            +---------+---------+-------+---------+---------+-------
        D:1 |      34 |       6 |  15.0 |      18 |       4 |  18.2
        D:2 |      84 |       0 |   0.0 |      24 |       0 |   0.0
        D:3 |     119 |       5 |   4.0 |      29 |       1 |   3.3
        D:4 |     229 |       0 |   0.0 |       7 |       0 |   0.0
        D:5 |     364 |     192 |  34.5 |      27 |       8 |  22.9
        D:6 |    1630 |    1022 |  38.5 |      32 |       3 |   8.6
        D:7 |    1094 |       0 |   0.0 |      22 |       0 |   0.0
      Sewer |       0 |     158 | 100.0 |       0 |      40 | 100.0
            +---------+---------+-------+---------+---------+-------
